 Dungeon Crawl Stone Soup version 0.16.2-2-g470672f (webtiles) character file.

143415 CrazyArbalest the Sharpshooter (level 16, -16/141 HPs)
             Began as a Centaur Hunter on Aug 23, 2015.
             Was an Initiate of Gozag.
             Demolished by Agnes
             ... wielding a +0 lajatang of speed
              (29 damage)
             ... on level 2 of the Elven Halls.
             The game lasted 08:29:23 (58525 turns).

CrazyArbalest the Sharpshooter (Centaur Hunter)    Turns: 58525, Time: 08:29:24

Health: -16/141    AC: 23    Str: 27    XL:     16   Next: 82%
Magic:  0/13       EV: 13    Int:  8    God:    Gozag
Gold:   7398       SH:  0    Dex: 15    Spells: 0 memorised, 15 levels left

rFire  . . .     SeeInvis +     i - +2 battleaxe (venom)
rCold  + + .     Clarity  .     Z - +4 mottled dragon armour
rNeg   + . .     SustAb   .     (no shield)
rPois  .         Gourm    .     I - +2 hat {SInv}
rElec  .         Spirit   +     R - +2 cloak {+Inv}
rCorr  .         Warding  .     (no gloves)
rMut   .         Stasis   .     j - +0 centaur barding
MR     +....                    y - amulet of the Jolly Realms {Spirit rC++ Str+6}
Stlth  +.........               C - ring "Pnegocut" {+Fly rN+ Slay+2}
                                v - +4 ring of strength

@: very quick, somewhat resistant to hostile enchantments, very unstealthy
A: hooves 3, deformed body, dopey 1, speed 2, tough skin 3
a: Potion Petition, Call Merchant, Bribe Branch, Renounce Religion, Evoke
Invisibility, Evoke Flight


You were on level 2 of the Elven Halls.
You worshipped Gozag.
Gozag was noncommittal.
You were not hungry.

You visited 6 branches of the dungeon, and saw 31 of its levels.
You visited the Abyss 1 time.
You also visited: Labyrinth.

You collected 12427 gold pieces.
You spent 4918 gold pieces at shops.
You paid 111 gold pieces to Gozag.

Inventory:

Hand weapons
 a - a +1 morningstar of protection
 b - a +4 arbalest of velocity
 i - a +2 battleaxe of venom (weapon)
 D - a +3 great mace of holy wrath
 J - a +4 war axe of electrocution
 P - a +2 war axe of freezing
 Y - the +7 hand axe of Uxza {chop, MP+9 Int+4}
   (You found it on level 7 of the Dungeon)

   It inflicts extra damage upon your enemies.
   It affects your intelligence (+4).
   It affects your magic capacity (+9).
Missiles
 c - 46 bolts
 d - 37 bolts of flame (quivered)
 h - 2 poisoned bolts
 F - 20 bolts of frost
Armour
 j - a +0 centaur barding (worn)
 k - a +3 leather armour of fire resistance
 l - a +2 chain mail of poison resistance
 n - a +3 chain mail of fire resistance
 G - the +2 robe of Xeliyts {rF- rN+ Dex+2 Slay+2}
   (You found it in a labyrinth)

   It affects your dexterity (+2).
   It affects your accuracy and damage with ranged weapons and melee attacks
   (+2).
   It makes you vulnerable to fire.
   It protects you from negative energy.
 I - a +2 hat of see invisible (worn)
 R - a +2 cloak of invisibility (worn)
 U - a +2 ring mail of cold resistance
 Z - a +4 mottled dragon armour (worn)
Jewellery
 r - an uncursed amulet of stasis
 v - a +4 ring of strength (left hand)
 y - the amulet of the Jolly Realms (around neck) {Spirit rC++ Str+6}
   (You found it in a labyrinth)

   [amulet of guardian spirit]

   It causes incoming damage to be split between your health and magic.
   It affects your strength (+6).
   It greatly protects you from cold.
 C - the ring "Pnegocut" (right hand) {+Fly rN+ Slay+2}
   (You bought it in a shop on level 2 of the Orcish Mines)

   [ring of flight]

   It affects your accuracy and damage with ranged weapons and melee attacks
   (+2).
   It protects you from negative energy.
   It lets you fly.
 W - a +3 ring of evasion
Magical devices
 m - a wand of digging (1)
 p - a wand of fire (9)
 L - a wand of teleportation (4)
Scrolls
 o - 2 scrolls of identify
 u - 8 scrolls of magic mapping
 z - 8 scrolls of remove curse
 B - a scroll of fear
 Q - a scroll of teleportation
Potions
 g - a potion of ambrosia {unknown}
 H - 4 potions of haste
Comestibles
 f - 10 bread rations


   Skills:
 + Level 12.6 Fighting
 * Level 11.2 Maces & Flails
   Level 0.3 Polearms
 * Level 18.9 Crossbows
 + Level 9.6 Armour
 + Level 10.4 Dodging
 + Level 2.9 Stealth
 + Level 0.8 Evocations


You had 15 spell levels left.
You didn't know any spells.

Dungeon Overview and Level Annotations

Branches:
Dungeon (15/15)            Temple (1/1) D:6            Lair (8/8) D:11
 Shoals (0/5) Lair:5       Spider (1/5) Lair:6        Slime (0/6) Lair:7
    Orc (4/4) D:9             Elf (2/3) Orc:4        Vaults (0/5) D:14
 Depths (0/5) D:15

Altars:
Dithmenos
Elyvilon
Fedhas
Gozag
Makhleb
Nemelex Xobeh
Okawaru
Qazlal
Sif Muna
Trog
Vehumet
Xom
Yredelemnul
Zin
Jiyva

Shops:
D:4 *?   D:6 *   D:8 (!*:   D:15 [   Orc:2 [=(*   Orc:4 ?!:(   Elf:1 [

Portals:
Pandemonium: Orc:4

Annotations:
D:4 CrazyArbalest's ghost, average CeHu
D:6 CrazyArbalest's ghost, experienced CeHu
Elf:2 Agnes


Innate Abilities, Weirdness & Mutations

You have hooves in place of feet.
Armour fits poorly on your strangely shaped body.
You cover ground very quickly.
You have extremely tough skin (AC +3).
You are dopey. (Int -2)


Message History

The deep elf mage hits you but does no damage.
Agnes closely misses you.
You miss Agnes.
Agnes is moderately wounded.
You slash the deep elf mage!
The deep elf mage is poisoned.
The deep elf mage is almost dead.
You kill the deep elf mage!
Agnes drinks a potion.
Agnes seems to grow stronger.
Agnes hits you with a lajatang of speed!
You hit Agnes.
Agnes is poisoned.
You kick Agnes.
Agnes is moderately wounded.
Agnes hits you with a lajatang of speed!! x2
* * * LOW HITPOINT WARNING * * *
Agnes hits you with a lajatang of speed!!
* * * LOW HITPOINT WARNING * * *
Drink which item? (? for menu, Esc to quit)
You feel better.
Agnes hits you with a lajatang of speed!!
You die...
Your body crumbles into a pile of gold.

##+###
##....##
#......##
#.......#
+.......#
+......#
#...@i#
#....$.#
+...<.....
+...........
#...........
##.......##
#....###.
#.###.


You could see Agnes.

Vanquished Creatures
  Rupert (Lair:4)
  Kirke (D:14)
  Louise (D:15)
  The ghost of CrazyArbalest the Quickloader, a powerful CeHu of Gozag (Orc:3)
  A minotaur (Lab)
  12 hydras
  Harold (Lair:4)
  Erica (D:15)
  A ghost crab (shapeshifter) (Elf:1)
  10 death yaks
  10 centaur warriors
  8 orc high priests (Orc:4)
  Nergalle (Lair:5)
  A soul eater (Orc:4)
  A skeletal warrior (D:10)
  4 deep elf knights (Elf:1)
  A putrid demonspawn (Orc:4)
  2 infernal demonspawn (Orc:4)
  6 hill giants
  3 unseen horrors
  3 deep elf summoners (Elf:1)
  A wizard (D:15)
  7 orc knights
  5 cyclopes
  5 deep elf conjurers
  4 griffons
  5 orc sorcerers
  16 ugly things
  A wolf spider (Lair:6)
  A necromancer (D:15)
  4 black mambas
  A sixfirhy (Orc:4)
  7 elephants
  3 manticores
  A hornet (shapeshifter) (D:15)
  Maurice (Orc:1)
  6 centaur zombies
  A rust devil (Orc:4)
  3 torpor snails
  5 molten gargoyles (Elf:1)
  20 spiny frogs
  A gargoyle (D:12)
  A naga mage (D:15)
  2 kobold demonologists (D:15)
  2 fire drakes
  A smoke demon (Orc:4)
  A fire drake (shapeshifter) (D:13)
  12 komodo dragons
  7 trolls
  A wind drake (shapeshifter) (D:13)
  6 polar bears
  A blue devil (Orc:4)
  5 two-headed ogres
  6 slime creatures (D:12)
  7 blink frogs
  A slime creature (shapeshifter) (D:14)
  A trapdoor spider zombie (D:9)
  A blink frog (shapeshifter) (D:13)
  5 trapdoor spiders
  A trapdoor spider (shapeshifter) (D:14)
  3 basilisks
  14 deep elf magi
  2 water elementals (D:12)
  2 vampires
  12 hippogriffs
  A shadow (D:12)
  5 redbacks
  A ynoxinul (Orc:4)
  A tarantella (Lair:6)
  3 wraiths
  11 vampire mosquitoes
  Eustachio (D:4)
  9 spriggans (Lair:8)
  A hippogriff (shapeshifter) (D:15)
  67 yaks
  3 wyverns
  7 deep elf fighters (Elf:1)
  3 hogs
  29 wolves
  A human (D:7)
  5 hungry ghosts
  Edmund (D:9)
  2 mottled dragons
  4 wargs
  11 porcupines
  4 nagas (Lair:3)
  2 soldier ants
  18 water moccasins
  A spider (Lair:6)
  3 sky beasts
  4 wasps
  5 phantoms
  46 orc warriors
  An eye of draining (D:11)
  16 ogres
  A swamp drake (D:9)
  2 boring beetles (Lair:5)
  8 ice beasts
  3 black bears (Lair:8)
  3 necrophages
  18 centaurs
  20 crocodiles
  2 brain worms
  21 giant frogs
  3 big kobolds
  A water moccasin zombie (D:8)
  2 small abominations (Abyss:1)
  3 scorpions
  A wight (D:12)
  23 killer bees
  6 electric eels
  2 wandering mushrooms (Lair:1)
  12 crimson imps
  A lava snake (Elf:1)
  A gnoll shaman (D:7)
  26 jellies
  A goliath beetle (D:9)
  11 hounds
  3 iron imps
  3 quasits
  A giant frog zombie (D:12)
  4 giant frog skeletons
  8 iguanas
  43 orc priests
  8 centaur skeletons
  38 orc wizards
  5 hell rats
  13 worker ants
  6 sheep
  A killer bee zombie (D:9)
  A hound zombie (D:7)
  A mummy (D:14)
  3 hound skeletons
  Robin (D:1)
  27 adders
  17 gnolls
  39 river rats
  A giant mite (D:8)
  8 shadow imps
  A white imp (D:9)
  A worm (D:3)
  2 ufetubi (Orc:4)
  An adder zombie (D:7)
  8 giant geckos
  An ooze (D:7)
  217 orcs
  22 bats
  A bat skeleton (D:5)
  A bat zombie (D:3)
  2 giant cockroaches
  55 goblins
  40 hobgoblins
  11 quokkas
  A giant gecko skeleton (D:5)
  4 giant newts
  A giant spore (D:14)
  13 jackals
  31 kobolds
  A quokka zombie (D:7)
  20 rats
  6 ballistomycetes
  12 fungi
  2 plants
1384 creatures vanquished.

Vanquished Creatures (others)
  A human (D:14)
  3 giant spores
  A goblin (D:3)
  A ballistomycete (D:14)
  20 fungi
  32 plants
58 creatures vanquished.

Grand Total: 1442 creatures vanquished

Notes
Turn   | Place    | Note
--------------------------------------------------------------
     0 | D:1      | CrazyArbalest, the Centaur Hunter, began the quest for the Orb.
     0 | D:1      | Reached XP level 1. HP: 17/17 MP: 1/1
   265 | D:1      | Reached XP level 2. HP: 21/24 MP: 2/2
   400 | D:1      | Reached skill level 5 in Crossbows
   859 | D:2      | Reached XP level 3. HP: 24/29 MP: 3/3
   902 | D:2      | Noticed Robin
  1213 | D:1      | Killed Robin
  1704 | D:2      | Reached XP level 4. HP: 30/37 MP: 3/3
  1825 | D:2      | Found a white marble altar of Elyvilon.
  2273 | D:3      | Found an opulent altar of Gozag.
  2348 | D:3      | Found a stormy altar of Qazlal.
  2391 | D:3      | Reached skill level 1 in Armour
  2694 | D:3      | Became a worshipper of Gozag Ym Sagoz the Greedy
  2961 | D:3      | Reached XP level 5. HP: 21/42 MP: 4/4
  3053 | D:3      | Found a shadowy altar of Dithmenos.
  3183 | D:3      | Found a burning altar of Makhleb.
  3735 | D:3      | Reached skill level 6 in Crossbows
  3813 | D:3      | Reached skill level 1 in Maces & Flails
  3878 | D:3      | Reached XP level 6. HP: 38/50 MP: 5/5
  4337 | D:4      | Noticed Eustachio
  4529 | D:4      | Found Mnamea's Magic Scroll Shop.
  4794 | D:4      | Noticed CrazyArbalest's ghost (average CeHu)
  4937 | D:4      | Found Kiaschu's Assorted Antiques.
  4940 | D:4      | Bought a scroll labeled XAITEO PNIH for 25 gold pieces
  4940 | D:4      | Bought a dark potion for 22 gold pieces
  4940 | D:4      | Bought a golden potion for 22 gold pieces
  4940 | D:4      | Bought a bubbling brown potion for 22 gold pieces
  4940 | D:4      | Bought a scroll labeled XAITEO PNIH for 25 gold pieces
  4940 | D:4      | Bought a scroll labeled SHREIBR USED for 25 gold pieces
  4940 | D:4      | Bought a runed leather armour for 50 gold pieces
  4964 | D:4      | Killed Eustachio
  4964 | D:4      | Reached skill level 7 in Crossbows
  4964 | D:4      | Reached XP level 7. HP: 43/57 MP: 5/5
  5313 | D:4      | Bought a scroll of enchant weapon for 97 gold pieces
  5313 | D:4      | Bought a scroll of blinking for 97 gold pieces
  5313 | D:4      | Bought a scroll of teleportation for 39 gold pieces
  5313 | D:4      | Bought a scroll of teleportation for 39 gold pieces
  5313 | D:4      | Bought a scroll of enchant weapon for 97 gold pieces
  5313 | D:4      | Bought a scroll of remove curse for 39 gold pieces
  5313 | D:4      | Bought a scroll of remove curse for 39 gold pieces
  5420 | D:5      | Entered Level 5 of the Dungeon
  5974 | D:5      | Noticed an angel
  5975 | D:5      | Found a glowing silver altar of Zin.
  5976 | D:5      | Found a shimmering altar of Xom.
  6226 | D:5      | Reached skill level 8 in Crossbows
  6226 | D:5      | Reached XP level 8. HP: 63/66 MP: 6/6
  6722 | D:5      | Found a sparkling altar of Nemelex Xobeh.
  7211 | D:6      | Reached skill level 9 in Crossbows
  7319 | D:6      | Noticed CrazyArbalest's ghost (experienced CeHu)
  7393 | D:6      | Found Ullos' Assorted Antiques.
  7404 | D:6      | Bought a scroll labeled BIFELU GHUR for 16 gold pieces
  7404 | D:6      | Bought a viscous amethyst potion for 14 gold pieces
  7404 | D:6      | Bought a scroll labeled XAITEO PNIH for 16 gold pieces
  7404 | D:6      | Bought a dark potion for 14 gold pieces
  7404 | D:6      | Bought a brass ring for 80 gold pieces
  7456 | D:6      | Found a staircase to the Ecumenical Temple.
  7561 | D:6      | Found a burning altar of Makhleb.
  7925 | D:7      | Reached skill level 1 in Stealth
  8066 | D:7      | Reached XP level 9. HP: 59/72 MP: 7/7
  8525 | D:7      | Got a faintly glowing hand axe
  8594 | D:7      | Found an iron altar of Okawaru.
  8696 | D:7      | Found a deep blue altar of Sif Muna.
  8871 | D:8      | Found Tapor's Book Shop.
  8894 | D:8      | Identified the +7 hand axe of Uxza {chop, MP+9 Int+4} (You found it on level 7 of the Dungeon)
  8967 | D:8      | Found Bima's Distillery.
  8975 | D:8      | Bought a potion of curing for 42 gold pieces
  8975 | D:8      | Bought a potion of curing for 42 gold pieces
  8975 | D:8      | Bought a potion of curing for 42 gold pieces
  8975 | D:8      | Bought a potion of poison for 14 gold pieces
  9059 | D:8      | Reached skill level 5 in Dodging
  9087 | D:8      | Found Smoptirr's Assorted Antiques.
  9097 | D:8      | Bought a viscous amethyst potion for 22 gold pieces
  9152 | D:8      | Found Icupoariu's Antique Weapon Shoppe.
  9176 | D:8      | Bought a glowing morningstar for 84 gold pieces
  9289 | D:8      | Reached skill level 5 in Fighting
  9301 | D:8      | Found Klium's Food Emporium.
  9464 | D:8      | Reached skill level 10 in Crossbows
  9805 | D:8      | Found a basalt altar of Yredelemnul.
  9806 | D:8      | Found a bloodstained altar of Trog.
  9942 | D:8      | Bought a fluorescent wand for 100 gold pieces
  9959 | D:8      | Bought a beef jerky for 15 gold pieces
  9961 | D:8      | Bought a slice of pizza for 15 gold pieces
  9961 | D:8      | Bought a slice of pizza for 15 gold pieces
  9961 | D:8      | Bought a slice of pizza for 15 gold pieces
 10705 | D:9      | Reached XP level 10. HP: 66/81 MP: 7/7
 10923 | D:9      | Found a staircase to the Orcish Mines.
 11192 | D:9      | Noticed Edmund
 11205 | D:9      | Killed Edmund
 11205 | D:9      | Reached skill level 5 in Maces & Flails
 12182 | D:10     | Entered Level 10 of the Dungeon
 12629 | D:10     | Reached skill level 11 in Crossbows
 12710 | D:10     | Found a basalt altar of Yredelemnul.
 12781 | D:10     | Noticed a hill giant
 12831 | D:10     | Killed a hill giant
 13150 | D:11     | Noticed a manticore
 13150 | D:11     | Noticed a four-headed hydra
 13434 | D:11     | Killed a four-headed hydra
 13434 | D:11     | Reached XP level 11. HP: 66/91 MP: 8/8
 13924 | D:11     | Noticed a cyclops
 13953 | D:11     | Killed a cyclops
 14311 | D:11     | Noticed a centaur warrior
 14380 | D:11     | Killed a centaur warrior
 14491 | D:11     | Reached skill level 12 in Crossbows
 14597 | D:11     | Noticed a skeletal warrior
 15088 | D:10     | Killed a skeletal warrior
 15503 | D:11     | Found a staircase to the Lair.
 15835 | D:11     | Killed a manticore
 15964 | D:8      | Bought a bread ration for 50 gold pieces
 15964 | D:8      | Bought a bread ration for 50 gold pieces
 15964 | D:8      | Bought a bread ration for 50 gold pieces
 15964 | D:8      | Bought a meat ration for 50 gold pieces
 15964 | D:8      | Bought 3 fruits for 45 gold pieces
 15964 | D:8      | Bought a bread ration for 50 gold pieces
 16099 | Temple   | Entered the Ecumenical Temple
 16804 | Orc:1    | Entered Level 1 of the Orcish Mines
 16804 | Orc:1    | Found a burning altar of Makhleb.
 16929 | Orc:1    | Noticed Maurice
 17203 | Orc:1    | Killed Maurice
 17482 | Orc:2    | Found Iveapaent's Antique Weapon Emporium.
 17482 | Orc:2    | Found Icwat's Jewellery Emporium.
 18240 | Orc:2    | Found Klyoh's General Store.
 18248 | Orc:2    | Bought a scroll of identify for 22 gold pieces
 18298 | Orc:2    | Bought a runed arbalest for 153 gold pieces
 18369 | Orc:2    | Reached skill level 13 in Crossbows
 18845 | D:9      | Reached skill level 5 in Armour
 19118 | Orc:2    | Bought a cursed amulet of inaccuracy for 30 gold pieces
 19172 | Orc:2    | Bought the ring "Pnegocut" {+Fly rN+ Slay+2} for 556 gold pieces
 19347 | Orc:2    | Found Ahihoc's Food Shop.
 19355 | Orc:2    | Found Phyor's Antique Armour Emporium.
 19407 | Orc:2    | Bought a dyed leather armour for 58 gold pieces
 19407 | Orc:2    | Bought a runed hat for 116 gold pieces
 19407 | Orc:2    | Bought an ichor-stained ring mail for 261 gold pieces
 19728 | Orc:2    | Identified the -5 ring mail of Izaer {Str+2} (You bought it in a shop on level 2 of the Orcish Mines)
 20110 | Orc:3    | Noticed CrazyArbalest's ghost (powerful CeHu)
 20765 | Orc:3    | Reached XP level 12. HP: 100/100 MP: 10/10
 21309 | Orc:4    | Entered Level 4 of the Orcish Mines
 21658 | Orc:4    | Found a staircase to the Elven Halls.
 22584 | Orc:4    | Found a radiant altar of Vehumet.
 24887 | Orc:2    | Bought a slice of pizza for 16 gold pieces
 24890 | Orc:2    | Bought a bread ration for 55 gold pieces
 24890 | Orc:2    | Bought a bread ration for 55 gold pieces
 24890 | Orc:2    | Bought a bread ration for 55 gold pieces
 24890 | Orc:2    | Bought a bread ration for 55 gold pieces
 24890 | Orc:2    | Bought a meat ration for 55 gold pieces
 24895 | Orc:2    | Bought a meat ration for 55 gold pieces
 24895 | Orc:2    | Bought a meat ration for 55 gold pieces
 24895 | Orc:2    | Bought a meat ration for 55 gold pieces
 24895 | Orc:2    | Bought a meat ration for 55 gold pieces
 24895 | Orc:2    | Bought a meat ration for 55 gold pieces
 24895 | Orc:2    | Bought a meat ration for 55 gold pieces
 25351 | Orc:4    | Found Wugg's Magic Scroll Shoppe.
 25352 | Orc:4    | Found Crouqyap's Distillery.
 25358 | Orc:4    | Bought a scroll of teleportation for 42 gold pieces
 25358 | Orc:4    | Bought a scroll of identify for 28 gold pieces
 25358 | Orc:4    | Bought a scroll of teleportation for 42 gold pieces
 25358 | Orc:4    | Bought a scroll of teleportation for 42 gold pieces
 25360 | Orc:4    | Bought a potion of curing for 48 gold pieces
 25360 | Orc:4    | Bought a potion of heal wounds for 80 gold pieces
 25360 | Orc:4    | Bought a potion of haste for 160 gold pieces
 25360 | Orc:4    | Bought a potion of heal wounds for 80 gold pieces
 25957 | Lair:1   | Entered Level 1 of the Lair of Beasts
 25990 | Lair:1   | Noticed an eight-headed hydra
 26008 | Lair:1   | Killed an eight-headed hydra
 29609 | Lair:3   | Reached XP level 13. HP: 103/108 MP: 10/10
 29939 | Lair:3   | Reached skill level 14 in Crossbows
 34622 | Lair:3   | Found a staircase to the Snake Pit.
 34853 | Lair:4   | Noticed Rupert
 35209 | Lair:4   | Noticed Harold
 35227 | Lair:4   | Killed Harold
 35227 | Lair:4   | Reached skill level 15 in Crossbows
 35494 | Lair:4   | Reached skill level 10 in Fighting
 35592 | Lair:4   | Reached XP level 14. HP: 104/121 MP: 11/11
 35812 | Lair:4   | Paralysed by Rupert for 4 turns
 36102 | Lair:4   | Paralysed by Rupert for 5 turns
 36125 | Lair:4   | Killed Rupert
 36645 | Lair:5   | Noticed Nergalle
 36650 | Lair:5   | Killed Nergalle
 36659 | Lair:5   | Found a staircase to the Shoals.
 37608 | Lair:6   | Found a hole to the Spider Nest.
 38285 | Lair:6   | Reached skill level 16 in Crossbows
 39666 | Lair:6   | Reached skill level 10 in Maces & Flails
 41817 | Lair:7   | Found a labyrinth entrance.
 41844 | Lab      | Entered a labyrinth
 41881 | Lab      | Found an exit through the horrors of the Abyss.
 42258 | Lab      | Got a warped brass amulet
 42259 | Lab      | Got a smoking robe
 42259 | Lab      | Got a translucent ring mail
 42261 | Lab      | Identified the amulet of the Jolly Realms {Spirit rC++ Str+6} (You found it in a labyrinth)
 42276 | Lab      | Identified the +2 robe of Xeliyts {rF- rN+ Dex+2 Slay+2} (You found it in a labyrinth)
 42286 | Lab      | Identified the cursed -3 ring mail of the Fifty Realms {+Blink rPois rN++ Slay-5} (You found it in a labyrinth)
 42389 | Lair:7   | Identified a scroll of acquirement
 42647 | Lair:7   | Got a transparent whip
 43029 | Lair:7   | Found a viscous altar of Jiyva.
 43030 | Lair:7   | Found a staircase to the Slime Pits.
 43205 | Lair:7   | Reached XP level 15. HP: 101/129 MP: 13/13
 43454 | Lair:2   | Identified the +3 whip "Cuelong" {holy, Contam rC+ Str+6 Dex+2} (You found it on level 7 of the Lair of Beasts)
 43484 | Lair:2   | Gained mutation: You are dopey. (Int -2) [mutagenic glow]
 43673 | Orc:2    | Bought a scroll of magic mapping for 38 gold pieces
 43673 | Orc:2    | Bought a potion of haste for 110 gold pieces
 43914 | Orc:3    | Killed CrazyArbalest's ghost
 44747 | Orc:4    | Paralysed by an orc sorcerer for 2 turns
 45136 | Orc:4    | Reached skill level 17 in Crossbows
 45215 | Orc:4    | Found Vimawiamp's Antique Weapon Shop.
 45215 | Orc:4    | Found Yghaytra's Book Boutique.
 45279 | Orc:4    | Found a one-way gate leading to the halls of Pandemonium.
 45389 | Orc:4    | Bought a scroll of blinking for 105 gold pieces
 45389 | Orc:4    | Bought a scroll of magic mapping for 49 gold pieces
 45987 | Lair:8   | Entered Level 8 of the Lair of Beasts
 48163 | Lair:8   | HP: 4/132 [young spriggan druid/angry trees (13)]
 51823 | D:14     | Reached XP level 16. HP: 24/139 MP: 5/13
 52396 | D:14     | Reached skill level 18 in Crossbows
 52695 | D:14     | Noticed Kirke
 53221 | D:14     | Found a gate to the Vaults.
 53676 | D:14     | Killed Kirke
 53855 | D:14     | Reached skill level 10 in Dodging
 53887 | D:15     | Entered Level 15 of the Dungeon
 53957 | D:15     | Found Werrang's Armour Shoppe.
 54065 | D:15     | Bought a +2 cloak of invisibility for 279 gold pieces
 54084 | D:15     | Found a blossoming altar of Fedhas.
 54387 | D:15     | Noticed Erica
 54390 | D:15     | Killed Erica
 54820 | D:15     | Noticed Louise
 54831 | D:15     | Cast into the Abyss (Louise)
 54904 | D:15     | Escaped the Abyss
 54914 | D:15     | Killed Louise
 55458 | D:15     | Found a staircase to the Depths.
 56481 | Spider:1 | Entered Level 1 of the Spider Nest
 56882 | Orc:4    | Bought a scroll of enchant armour for 105 gold pieces
 56906 | Elf:1    | Entered Level 1 of the Elven Halls
 58238 | Elf:1    | Noticed an Ice Fiend
 58393 | Elf:1    | Found Shutwu Tie's Armour Shop.
 58403 | Elf:1    | Bought a +0 centaur barding for 414 gold pieces
 58519 | Elf:1    | You fall through a shaft!
 58519 | Elf:2    | Noticed Agnes
 58525 | Elf:2    | Demolished by Agnes

Action                   |  1- 3 |  4- 6 |  7- 9 | 10-12 | 13-15 | 16-18 || total
-------------------------+-------+-------+-------+-------+-------+-------++-------
Melee: Short sword       |    21 |       |       |       |       |       ||    21
       Club              |    95 |    86 |       |       |       |       ||   181
       Mace              |     7 |   278 |   123 |       |       |       ||   408
       Morningstar       |       |       |   387 |  1334 |   939 |    10 ||  2670
       Spear             |       |       |    48 |       |       |       ||    48
       Hand axe          |       |       |       |   271 |    25 |       ||   296
       Battleaxe         |       |       |       |    12 |   640 |   319 ||   971
       War axe           |       |       |       |       |    20 |     9 ||    29
       Great mace        |       |       |       |       |    19 |    45 ||    64
 Fire: Hand crossbow     |    18 |    84 |    99 |   190 |       |       ||   391
       Arbalest          |       |       |       |    46 |   411 |   158 ||   615
Evoke: Wand              |       |       |       |    16 |     7 |     3 ||    26
  Use: Scroll            |     4 |       |       |    20 |    20 |    15 ||    59
       Potion            |       |       |     3 |     4 |    16 |     4 ||    27
 Stab: Distracted        |       |     1 |     2 |     7 |     3 |       ||    13
       Paralysed         |       |       |       |     3 |       |       ||     3
       Confused          |       |       |       |     1 |       |       ||     1
  Eat: Chunk             |     2 |     2 |       |       |       |       ||     4
       Pizza             |       |     1 |     2 |    13 |     1 |     2 ||    19
       Meat ration       |       |     1 |     1 |     5 |     6 |     1 ||    14
       Bread ration      |       |       |     1 |       |     4 |     2 ||     7
       Beef jerky        |       |       |     5 |     2 |     2 |       ||     9
       Fruit             |       |       |       |     6 |    12 |     2 ||    20
